 Dungeon Crawl Stone Soup version 0.32-a0-953-g508020473e (webtiles) character file.

Game seed: 9838205522298978904

91393 holysushi the Marksgoblin (level 16, -6/163 HPs)
             Began as a Coglin Hunter on Apr 17, 2024.
             Was the Champion of Hepliaklqana.
             Mangled by a swamp drake (9 damage)
             ... on level 3 of the Swamp.
             The game lasted 00:28:22 (20662 turns).

holysushi the Marksgoblin (Coglin Hunter)          Turns: 20662, Time: 00:28:23

Health: -6/163     AC: 27    Str: 22    XL:     16   Next: 3%
Magic:  16/16      EV: 15    Int:  8    God:    Hepliaklqana [******]
Gold:   1070       SH:  0    Dex: 23    Spells: 15/15 levels left

rFire   + . .        h - +7 hand cannon (flame) {Caihong}
rCold   + + .        J - +2 hand cannon (drain) {Sextus}
rNeg    . . .        H - +11 chain mail of Creativity {-Cast Str+2 SInv}
rPois   .            (no helmet)
rElec   .            M - scarf of the Game Afoot {+Inv, rC+ SInv}
rCorr   .            g - +1 pair of gloves {Str+3}
SInv    +            f - +2 pair of boots
Will    ++...        (amulet unavailable) Stlth
                     (ring unavailable)
HPRegen 0.47/turn    (ring unavailable)
MPRegen 0.15/turn    c - neodynamic booster {Gadgeteer, rF+ Slay+3}

%: no spellcasting, clarity
@: berserking, lethally poisoned (-6 -> -19), about to teleport, revving, very
quick
A: reduced essence, off-hand wielding, slow wielding, warmup strikes, no
jewellery, iridescent scales 1, clarity, cold resistance 1, strong-willed 1,
strong 1
a: Renounce Religion, Evoke Invisibility, Recall Ancestor, Ancestor Identity,
Transference, Idealise


You were on level 3 of the Swamp.
You worshipped Hepliaklqana.
Hepliaklqana was exalted by your worship.
You visited 3 branches of the dungeon, and saw 20 of its levels.
You also visited: Sewer and Bailey.

You collected 2913 gold pieces.
You spent 1843 gold pieces at shops.

Inventory:

Hand Weapons
 h - a +7 hand cannon of flaming (weapon) {Caihong}
 J - a +2 hand cannon of draining (offhand) {Sextus}
Armour
 f - a +2 pair of boots (worn)
 g - a +1 pair of gloves of strength (worn)
 q - the +5 ring mail of the Sea {rPois Will+ MP+9}
   (You found it on level 4 of the Dungeon)

   rPois:     It protects you from poison.
   Will+:     It increases your willpower.
   MP+9:      It affects your magic capacity (+9).
 s - a +1 cloak of stealth
 H - the +11 chain mail of Creativity (worn) {-Cast Str+2 SInv}
   (You bought it in a shop on level 8 of the Dungeon)

   Str+2:     It affects your strength (+2).
   SInv:      It lets you see invisible.
   -Cast:     It prevents spellcasting.
 M - the scarf of the Game Afoot (worn) {+Inv, rC+ SInv}
   (You acquired it on level 8 of the Dungeon)

   rC+:       It protects you from cold.
   SInv:      It lets you see invisible.
Gizmo
 c - a neodynamic booster (installed) {Gadgeteer, rF+ Slay+3}
   (You invented it yourself on level 5 of the Lair of Beasts)

   [neodynamic booster]

   Gadgeteer: Your evocable items recharge 30% faster and wands have a 30%
   chance to not spend a charge.
   Slay+3:    It affects your accuracy & damage with ranged weapons and melee
   (+3).
   rF+:       It protects you from fire.
Wands
 b - a wand of roots (19)
 d - a wand of quicksilver (6)
 m - a wand of polymorph (13)
 o - a wand of charming (73)
 C - a wand of mindburst (13)
 D - a wand of flame (19)
Scrolls
 a - 3 scrolls of enchant armour
 k - 4 scrolls of teleportation
 n - 2 scrolls of noise
 p - 9 scrolls of identify
 r - a scroll of torment
 t - 7 scrolls of revelation
 B - 5 scrolls of fog
 F - 3 scrolls of amnesia
 G - 6 scrolls of vulnerability
 K - a scroll of immolation
Potions
 e - 5 potions of attraction
 i - 3 potions of haste
 j - 6 potions of mutation
 l - 5 potions of might
 u - 5 potions of lignification
 w - 3 potions of magic
 x - 3 potions of resistance
 z - 4 potions of invisibility
 A - 8 potions of enlightenment
 I - 5 potions of cancellation
Miscellaneous
 N - a phial of floods


   Skills:
 + Level 9.9 Fighting
 - Level 18.0 Ranged Weapons
 - Level 4.0 Armour
 + Level 12.2 Dodging
 - Level 0.7 Stealth
 + Level 14.0 Evocations
 - Level 4.8 Shapeshifting


You had 15 spell levels left.
You didn't know any spells.
Your spell library contained the following spells:

 Spells                   Type           Power      Damage    Failure   Level
 Apportation              Tloc           0%         N/A       95%         1
 Necrotise                Necr           0%         1d4       95%         1
 Slow                     Hex            0%         N/A       95%         1
 Sting                    Conj/Alch      0%         1d3       95%         1
 Summon Small Mammal      Summ           0%         N/A       95%         1
 Call Imp                 Summ           0%         N/A       99%         2
 Ensorcelled Hibernation  Hex/Ice        0%         N/A       99%         2
 Mercury Vapours          Alch/Air       0%         N/A       99%         2
 Sublimation of Blood     Necr           0%         N/A       99%         2
 Confusing Touch          Hex            0%         N/A       100%        3
 Fugue of the Fallen      Necr           0%         N/A       100%        3
 Maxwell's Portable Pile  Tloc           0%         2d(5-13)  100%        3
 Mephitic Cloud           Conj/Alch/Air  0%         N/A       100%        3
 Summon Ice Beast         Ice/Summ       0%         N/A       100%        3
 Vampiric Draining        Necr           0%         2d6       100%        3
 Martyr's Knell           Necr/Summ      0%         N/A       100%        4
 Borgnjor's Vile Clutch   Necr/Erth      0%         N/A       100%        5
 Freezing Cloud           Conj/Ice/Air   0%         6-21      100%        5
 Summon Forest            Summ/Tloc      0%         N/A       100%        5
 Magnavolt                Erth/Air       0%         3d9       100%        7
 Summon Hydra             Summ           0%         N/A       100%        7
 Maxwell's Capacitive Co  Air            0%         ∞         100%        8


Dungeon Overview and Level Annotations

Branches:
Dungeon (11/15) Zot: 26599  Temple (0/1) D:5            Lair (5/5) D:11 Zot: 24152
  Swamp (4/4) Lair:2 Zot: 17856   Snake (0/4) Lair:2        Slime (0/5) Lair:4
    Orc (0/2) D:9           Sewer (visited)          Bailey (visited)

Altars:
Dithmenos
Elyvilon
Hepliaklqana
Kikubaaqudgha
Makhleb
Nemelex Xobeh
Trog
Zin
Jiyva

Shops:
D:7 [   D:8 ?:[((   D:10 [

Portals:
Hell: Lair:5

Annotations:
Swamp:4 Mara


Innate Abilities, Weirdness & Mutations

Your life essence is reduced to manifest your ancestor. (-10% HP)
You can wield a second weapon in your off-hand.
It takes a long time for you to wield or remove held weapons.
Your first few attacks do less damage.
You cannot equip rings or amulets.
You are partially covered in iridescent scales. (AC +2)
You possess an exceptional clarity of mind.
Your flesh is cold resistant. (rC+)
You are strong-willed. (Will+)
Your muscles are strong. (Str +4, Int/Dex -1)


Message History

The forest starts to sway and rumble!
You shoot a slug. The slug hits the swamp dragon!!
The slug burns the swamp dragon.
You kill the swamp dragon!
You shoot a slug.
You are engulfed in poison gas.
You are more poisoned.
You feel extremely sick.
You hear a hideous shriek!
You hear a roar!
You are waved at by a branch.
The swamp drake breathes poison at you. The noxious blast misses you.
You are engulfed in poison gas.
You are more poisoned.
You feel extremely sick.
Trunks creak and shift.
A root smacks you from below!
The swamp drake bites you but does no damage.
The tyrant leech closely misses you.
You climb upwards.
* * * LOW HITPOINT WARNING * * *
You feel extremely sick.
There is a stone staircase leading down here.
Okay, then.
Okay, then.
As you read the scroll of teleportation, it crumbles to dust.
You feel strangely unstable.
* * * LOW HITPOINT WARNING * * *
You feel very sick. The swamp drake bites you.
* * * LOW HITPOINT WARNING * * *
The tyrant leech bites you!
* * * LOW HITPOINT WARNING * * *
The tyrant leech draws strength from your injuries!
A red film seems to cover your vision as you go berserk!
You feel yourself moving faster!
You feel mighty!
* * * LOW HITPOINT WARNING * * *
You feel very sick. The swamp drake bites you!
You die...
Hepliaklqana delivers you to your ancestors.

####.......♣♣♣......♣♣♣~~~~♣♣♣♣♣.
...................♣♣♣♣~~~.♣♣.♣♣≈
.[÷..R.♣♣♣.....♣♣♣♣♣♣♣~~~~~♣R.♣≈≈
.....♣♣♣♣♣♣♣♣♣♣♣♣.~~~~~~~~♣~♣♣♣≈.
....~.....~.§..~~..~~§~~~.♣♣♣ ♣~≈
...~..♣~...~..~~~~...~~~~.♣ ♣♣♣
....~..♣..♣♣§.~~~§...~~~~.♣ ♣♣~
...~..♣.♣♣♣♣♣~~~§§..§~~~.~♣ ♣≈~
....~..~.♣ ♣♣.k@w.~~~~.♣♣♣ ♣.~
.~...~.~♣♣ ♣~.~..~~~..~♣♣♣ ♣♣♣.≈
...~§§~.♣ ♣♣♣♣.~~~~~....♣♣♣.♣≈≈
~..~~~.♣♣ ♣♣♣~..~~~~~~~~.~.♣♣♣≈
.~~..~♣♣ ♣...~)~~~~~~~~~..♣♣♣≈
~.....~♣ ♣♣~§§.[~~~~~~~~~...♣♣~
......♣♣ ♣.~~~~~.....~)~.~~♣♣♣♣
♣♣.....♣ ♣.~~~~~.♣♣♣.....~~~~§.
♣♣♣♣~♣♣ ♣♣.....♣♣♣♣~.<~...§~~.


You could see a tyrant leech and a swamp drake.

Vanquished Creatures
  A thorn hunter (Swamp:2)
  A fenstrider witch (Swamp:2)
  Roxanne (Swamp:1)
  Donald (Swamp:4)
  A frost giant (D:10)
  3 ghouls (Swamp:3)
  2 eleionomae
  A bunyip (Swamp:3)
  5 hydras (Swamp:4)
  A ghost crab (Swamp:3)
  8 alligators
  2 two-headed ogres (D:10)
  A death yak (Lair:3)
  Erica (D:10)
  2 skysharks
  A sixfirhy (Lair:5)
  2 goliath frogs
  4 swamp dragons
  4 spriggan druids
  10 bog bodies
  An arcanist (Lair:5)
  A lindwurm (Swamp:4)
  2 orc knights (Bailey)
  2 will-o-the-wisps (Swamp:3)
  10 elephants
  3 black mambas
  A smoke demon (Lair:5)
  5 spectral spriggans (Swamp:3)
  An ice statue (Lair:3)
  A torpor snail (Lair:3)
  2 orange demons (Lair:5)
  A gargoyle (D:10)
  Jeremiah (D:9)
  12 cane toads
  2 freezing wraiths (Swamp:3)
  An unseen horror (D:11)
  7 rime drakes (Lair:5)
  11 komodo dragons
  A red devil (Lair:5)
  5 ice devils
  4 bloated husks
  3 polar bears (Lair:3)
  5 hornets
  6 tyrant leeches
  A dream sheep (Lair:5)
  12 blink frogs
  A slime creature (D:10)
  3 shadows
  7 wyverns
  A yak (shapeshifter) (D:10)
  A centaur simulacrum (D:10)
  14 spriggans
  6 vampire mosquitoes
  A wraith (D:9)
  Eustachio (D:4)
  3 basilisks
  46 yaks
  2 steam dragons
  An acid dragon (D:10)
  A death yak simulacrum (Lair:3)
  Edmund (D:5)
  15 swamp worms
  4 nagas (Lair:2)
  16 water moccasins
  4 hell hounds (Lair:5)
  2 black bears
  3 swamp drakes
  2 ice beasts
  2 sky beasts (D:7)
  9 orc warriors
  9 wolves
  2 centaurs (D:10)
  6 ogres
  A phantom (D:5)
  10 bullfrogs
  3 kobold brigands
  A two-headed ogre simulacrum (Lair:3)
  3 scorpions
  A gnoll sergeant (D:10)
  6 wights
  13 killer bees
  4 howler monkeys
  A quasit (D:7)
  2 bombardier beetles
  4 hounds
  5 orc priests
  2 jellies
  5 sleepcaps
  Ijyb (D:3)
  Terence (D:3)
  6 hell rats (Lair:5)
  7 iguanas
  13 orc wizards
  A polar bear simulacrum (Lair:3)
  A troll simulacrum (Lair:3)
  A wolf simulacrum (Lair:3)
  Robin (D:3)
  8 gnolls
  13 adders
  A river rat (D:6)
  2 shadow imps
  3 white imps
  4 ufetubi (D:5)
  2 ribbon worms
  A dart slug (D:1)
  41 orcs
  13 ball pythons
  8 endoplasms
  4 giant cockroaches
  20 goblins
  11 hobgoblins
  43 kobolds
  3 quokkas
  14 bats
  4 frilled lizards
  13 rats
617 creatures vanquished.

Vanquished Creatures (collateral kills)
  A ghost crab (Swamp:1)
  A hydra (Lair:5)
  A spriggan berserker (Swamp:2)
  A bog body (Swamp:3)
  A spriggan druid (Swamp:4)
  A lindwurm (Swamp:4)
  2 spectral spriggans (Swamp:3)
  2 cane toads
  A freezing wraith (Swamp:3)
  A komodo dragon (Lair:1)
  A troll (D:10)
  3 hornets
  A polar bear (Lair:4)
  A blink frog (Lair:5)
  3 spriggans
  6 yaks
  A wyvern (Lair:1)
  A basilisk (Lair:4)
  2 vampire mosquitoes (Swamp:1)
  A swamp worm (Swamp:1)
  2 water moccasins
  A hell hound (Lair:5)
  2 wolves
  A bullfrog (Lair:1)
  A killer bee (D:9)
  A jelly (D:6)
  2 orc priests
  An iguana (D:5)
  2 hell rats (Lair:5)
  A troll simulacrum (Lair:3)
  A white imp (D:7)
  5 orcs
  4 kobolds
56 creatures vanquished.

Vanquished Creatures (others)
  A spriggan (Swamp:4)
  9 knights
  2 ancestors
  2 foxfires (Swamp:4)
14 creatures vanquished.

Grand Total: 687 creatures vanquished

Notes
Turn   | Place    | Note
-------+----------+-------------------------------------------
     0 | D:1      | holysushi the Coglin Hunter began the quest for the Orb.
     0 | D:1      | Reached XP level 1. HP: 16/16 MP: 1/1
   130 | D:1      | Reached skill level 4 in Ranged Weapons
   130 | D:1      | Reached XP level 2. HP: 22/22 MP: 2/2
   462 | D:1      | Found a faded altar of an unknown god.
   520 | D:1      | Reached XP level 3. HP: 27/27 MP: 3/3
  1077 | D:2      | Got the Handbook of Cadavers and Feathers
  1192 | D:2      | Reached skill level 5 in Ranged Weapons
  1192 | D:2      | Reached XP level 4. HP: 33/33 MP: 4/4
  1277 | D:2      | Reached XP level 5. HP: 22/38 MP: 5/5
  1618 | D:3      | Noticed Terence
  1627 | D:3      | Killed Terence
  1628 | D:3      | Reached skill level 6 in Ranged Weapons
  1643 | D:3      | Found a hazy altar of Hepliaklqana.
  1689 | D:3      | Noticed Robin
  1705 | D:3      | Noticed Ijyb
  1722 | D:3      | Killed Robin
  1732 | D:3      | Reached XP level 6. HP: 7/44 MP: 6/6
  1756 | D:3      | Gained mutation: You possess an exceptional clarity of
                  | mind. [potion of mutation]
  1756 | D:3      | Gained mutation: You have hidden genetic potential. [potion
                  | of mutation]
  1756 | D:3      | Gained mutation: You are strong-willed. (Will+) [potion of
                  | mutation]
  1765 | D:3      | Killed Ijyb
  2244 | D:3      | Became a worshipper of Hepliaklqana the Forgotten
  2272 | D:4      | Reached skill level 7 in Ranged Weapons
  2272 | D:4      | Reached skill level 1 in Evocations
  2397 | D:4      | Reached XP level 7. HP: 50/50 MP: 7/7
  2462 | D:4      | Gained mutation: Your flesh is cold resistant. (rC+)
                  | [hidden potential]
  2770 | D:4      | Noticed Eustachio
  2782 | D:4      | Killed Eustachio
  2783 | D:4      | Reached skill level 8 in Ranged Weapons
  2800 | D:4      | Identified the +5 ring mail of the Sea {rPois Will+ MP+9}
  3089 | D:5      | Entered Level 5 of the Dungeon
  3157 | D:4      | Found a glowing silver altar of Zin.
  3159 | D:4      | Found a burning altar of Makhleb.
  3161 | D:4      | Noticed an angel
  3161 | D:4      | Noticed a blizzard demon
  3317 | D:5      | Reached * piety under Hepliaklqana
  3326 | D:5      | Identified the +7 orcbow of Hopleun {heavy, Dex+3}
  3466 | D:5      | Found a staircase to the Ecumenical Temple.
  3489 | D:5      | Reached XP level 8. HP: 50/50 MP: 8/8
  3637 | D:5      | Reached skill level 9 in Ranged Weapons
  3647 | D:5      | Gained mutation: You have great hidden genetic potential.
                  | [hidden potential]
  3647 | D:5      | Lost mutation: You have great hidden genetic potential.
                  | [hidden potential expressed]
  3711 | D:5      | Noticed Edmund
  3718 | D:5      | Killed Edmund
  3834 | D:5      | Got the Tome of Assistive Hoarfrost
  3890 | D:5      | Reached skill level 10 in Ranged Weapons
  4110 | D:6      | Reached XP level 9. HP: 51/53 MP: 9/9
  4124 | D:6      | Found a glowing drain.
  4147 | Sewer    | Entered a sewer
  4438 | Sewer    | Gained mutation: You are partially covered in iridescent
                  | scales. (AC +2) [hidden potential]
  4470 | D:6      | Identified a scroll of acquirement
  4470 | D:6      | Acquired a +2 hand cannon of flaming
  4523 | D:6      | Reached skill level 11 in Ranged Weapons
  5310 | D:7      | Found Ampulyod's Armour Shoppe.
  5313 | D:7      | Bought a +1 cloak of stealth for 231 gold pieces
  5351 | D:7      | Found a flagged portal.
  5361 | D:7      | Reached ** piety under Hepliaklqana
  5362 | D:7      | Remembered your ancestor Quiche as a knight
  5364 | D:7      | Reached skill level 12 in Ranged Weapons
  5365 | Bailey   | Entered a bailey
  5383 | Bailey   | Noticed an orc knight
  5391 | Bailey   | Noticed an orc knight
  5409 | Bailey   | Killed an orc knight
  5410 | Bailey   | Reached XP level 10. HP: 60/60 MP: 10/10
  5545 | Bailey   | Gained mutation: Your muscles are strong. (Str +4, Int/Dex
                  | -1) [hidden potential]
  5545 | Bailey   | Lost mutation: You have hidden genetic potential. [hidden
                  | potential expressed]
  5552 | Bailey   | Killed an orc knight
  5553 | Bailey   | Reached skill level 5 in Dodging
  6057 | D:7      | Noticed a moth of wrath
  6060 | D:7      | Found a bloodstained altar of Trog.
  6486 | D:8      | Found Vaghyr's Antique Armour Emporium.
  6513 | D:8      | Found Cusoutuxenk's Book Emporium.
  6514 | D:8      | Bought a dazzling chain mail for 218 gold pieces
  6514 | D:8      | Identified the +11 chain mail of Creativity {-Cast Str+2
                  | SInv} (You bought it in a shop on level 8 of the Dungeon)
  6586 | D:8      | Found an ancient bone altar of Kikubaaqudgha.
  6613 | D:8      | Reached skill level 1 in Shapeshifting
  6733 | D:8      | Found Soshadd's Magic Scroll Shoppe.
  6921 | D:8      | Found Cicaiq's Antique Weapon Shop.
  6991 | D:8      | Found Bewiras's Weapon Boutique.
  7102 | D:8      | Bought a +2 hand cannon of draining for 274 gold pieces
  7164 | D:9      | Reached skill level 13 in Ranged Weapons
  7164 | D:9      | Reached skill level 1 in Armour
  7367 | D:9      | Reached *** piety under Hepliaklqana
  7382 | D:9      | Noticed Jeremiah
  7384 | D:9      | Killed Jeremiah
  7446 | D:9      | Reached XP level 11. HP: 67/67 MP: 11/11
  7558 | D:9      | Found a staircase to the Orcish Mines.
  7860 | D:10     | Entered Level 10 of the Dungeon
  8028 | D:10     | Found a shadowy altar of Dithmenos.
  8095 | D:10     | Found Juom's Antique Armour Shop.
  8160 | D:10     | Noticed a two-headed ogre
  8164 | D:10     | Noticed a frost giant
  8169 | D:10     | Killed a frost giant
  8171 | D:10     | Noticed a two-headed ogre
  8172 | D:10     | Killed a two-headed ogre
  8183 | D:10     | Killed a two-headed ogre
  8351 | D:10     | Noticed Erica
  8355 | D:10     | Killed Erica
  8451 | D:10     | Reached XP level 12. HP: 74/74 MP: 12/12
  8687 | D:10     | Found a sparkling altar of Nemelex Xobeh.
  8932 | D:11     | Found a staircase to the Lair.
  8972 | D:11     | Acquired 823 gold pieces
  9084 | D:8      | Bought a scroll of acquirement for 728 gold pieces
  9084 | D:8      | Bought a scroll of enchant weapon for 105 gold pieces
  9084 | D:8      | Bought a scroll of identify for 28 gold pieces
  9084 | D:8      | Bought a scroll of identify for 28 gold pieces
  9084 | D:8      | Bought a scroll of teleportation for 42 gold pieces
  9084 | D:8      | Bought a scroll of vulnerability for 56 gold pieces
  9084 | D:8      | Bought a scroll of revelation for 105 gold pieces
  9084 | D:8      | Bought a scroll of identify for 28 gold pieces
  9084 | D:8      | Acquired the scarf of the Game Afoot {+Inv, rC+ SInv}
  9238 | Lair:1   | Entered Level 1 of the Lair of Beasts
  9257 | Lair:1   | Reached skill level 14 in Ranged Weapons
  9316 | Lair:1   | Reached **** piety under Hepliaklqana
  9446 | Lair:1   | Reached skill level 5 in Evocations
 10383 | Lair:2   | Found a staircase to the Swamp.
 10539 | Lair:2   | Found a staircase to the Snake Pit.
 10754 | Lair:2   | Noticed a skyshark
 10758 | Lair:2   | Killed a skyshark
 10759 | Lair:2   | Reached XP level 13. HP: 79/79 MP: 13/13
 10996 | Lair:3   | Reached ***** piety under Hepliaklqana
 11079 | Lair:3   | Reached skill level 10 in Dodging
 11083 | Lair:3   | Reached skill level 15 in Ranged Weapons
 11378 | Lair:3   | Reached skill level 10 in Evocations
 11987 | Lair:4   | Reached skill level 16 in Ranged Weapons
 12284 | Lair:4   | Found a viscous altar of Jiyva.
 12284 | Lair:4   | Found a staircase to the Slime Pits.
 12831 | Lair:5   | Entered Level 5 of the Lair of Beasts
 12943 | Lair:5   | Reached XP level 14. HP: 50/85 MP: 14/14
 12947 | Lair:5   | Reached skill level 17 in Ranged Weapons
 13607 | Lair:5   | Reached skill level 18 in Ranged Weapons
 14463 | Lair:5   | Reached skill level 5 in Fighting
 14636 | Lair:5   | Found a burning altar of Makhleb.
 14643 | Lair:5   | Found a gateway to Hell.
 14650 | Lair:5   | Identified the ring "Gigryzax" {rPois Will+ Slay+4}
 14752 | Lair:5   | Acquired a neodynamic booster {Gadgeteer, rF+ Slay+3}
 14901 | Swamp:1  | Entered Level 1 of the Swamp
 15008 | Swamp:1  | Reached ****** piety under Hepliaklqana
 15040 | Swamp:1  | Noticed Roxanne
 15066 | Swamp:1  | Killed Roxanne
 15104 | Swamp:1  | Found a white marble altar of Elyvilon.
 16433 | Swamp:2  | Reached XP level 15. HP: 97/97 MP: 15/15
 16436 | Swamp:2  | Noticed a thorn hunter
 16439 | Swamp:2  | Killed a thorn hunter
 16445 | Swamp:2  | Noticed a fenstrider witch
 16450 | Swamp:2  | Killed a fenstrider witch
 17572 | Swamp:3  | Noticed a ghoul
 17577 | Swamp:3  | Killed a ghoul
 17590 | Swamp:3  | Noticed a ghoul
 17609 | Swamp:3  | Noticed a ghoul
 17814 | Swamp:3  | Killed a ghoul
 17832 | Swamp:3  | Killed a ghoul
 18365 | Swamp:4  | Entered Level 4 of the Swamp
 18430 | Swamp:4  | Noticed Donald
 18438 | Swamp:4  | Killed Donald
 18448 | Swamp:4  | Noticed Mara
 18670 | Swamp:4  | HP: 4/103 [bunyip (17)]
 18677 | Swamp:4  | HP: 1/103 [spriggan druid/+0 quarterstaff (14)]
 18688 | Swamp:4  | Noticed a thorn hunter
 20343 | Swamp:4  | Reached XP level 16. HP: 85/109 MP: 16/16
 20661 | Swamp:3  | HP: 5/109 [tyrant leech (11)]
 20662 | Swamp:3  | Mangled by a swamp drake

Illustrated notes

Levels and vault maps discovered:
D:1:      noname_arrival_rooms_in_the_neighbourhood, layout_basic,
          basic_ecumenical_altar, minmay_cut_off
D:2:      minmay_wonky_spiral, layout_loops_ring, serial_bayou_pond_b,
          minmay_hexomino_p4
D:3:      layout_rooms, mainiacjoe_overflow_alcove_2, nrook_loot_triangle,
          uniq_terence, uniq_robin, uniq_ijyb
D:4:      layout_loops_ring, grunt_temple_overflow_order_and_chaos_2,
          uniq_eustachio
D:5:      minmay_opposing_rooms, layout_basic, minivault_11, uniq_edmund
D:6:      layout_cave_pools, serial_library, serial_library_hellmonk_hallway_a,
          serial_library_hellmonk_room_a, serial_library_hellmonk_small_corner,
          serial_library_hellmonk_reading_circle,
          serial_library_hellmonk_small_corner,
          serial_library_regret_index_small_wings,
          serial_library_hellmonk_room_b,
          serial_library_regret_index_double_sided,
          serial_library_hellmonk_long_bookcase, portal_sewer_entry_a
D:7:      layout_rooms, tgw_trog, serial_shops, nicolae_shop_behind_doors,
          serial_demonic, serial_demonic_c, serial_demonic_b, serial_demonic_d,
          serial_demonic_b, enter_bailey_2, serial_library_hellmonk_statue_hall,
          hangedman_decor_peaks_small, kennysheep_doodads, minivault_10
D:8:      layout_loops_ring, mainiacjoe_overflow_24_doors, serial_shops, shop,
          nicolae_stop_n_shop_1, shop, shop, shop
D:9:      layout_loops_cross, hiddenorc2_lemuel, uniq_jeremiah
D:10:     nzn_winding_woodlands_small [nzn_winding_woodlands_5x15_split_checker,
          nzn_winding_woodlands_center_pierced_h,
          nzn_winding_woodlands_5x15_lazy_stream], layout_loops_cross,
          nemelex_xobeh_ov_fountains_minmay, mainiacjoe_overflow_paths,
          serial_shops, shop_statue, kennysheep_generic_room_4, uniq_erica
D:11:     layout_basic, lair_entry_dummy
Lair:1:   layout_cave_pods, grunt_megastairs_2
Lair:2:   layout_roguey, skrybe_swamp_entry_bodies,
          minmay_snake_entry_guardpost_small, minmay_holes, lemuel_fruit_tree
Lair:3:   dreamdust_isle_of_ice, layout_big_grid
Lair:4:   layout_gridlike, slime_entry_1, chequers_serial_rivers_small_b
Lair:5:   evil_forest, layout_loops_ring, infiniplex_staircase_pool,
          lemuel_fruit_fields
Swamp:1:  layout_basic_swamp, lemuel_altar_in_water, swamp_pool_1_2,
          uniq_roxanne
Swamp:2:  layout_falls_marsh, evilmike_swamp_ruin_house_3,
          nicolae_swamp_round_clearing
Swamp:3:  nicolae_swamp_flooded_prison, layout_basic_swamp,
          evilmike_swamp_ruin_house_4, swamp_pool_1_2, water_boxes_lemuel,
          infiniplex_staircase_pool_2, nicolae_swamp_decorative_isthmus
Swamp:4:  swamp_alternative, layout_basic_swamp, swamp_pool_5, uniq_donald,
          uniq_mara

Skill      XL: |  1  2  3  4  5  6  7  8  9 10 11 12 13 14 15 16 |
---------------+-------------------------------------------------+-----
Ranged Weapons | 4 5 6 7 8 10 12 13 14 16 18 | 18.0
Evocations     | 2 3 7 10 11 13 14 | 14.0
Dodging        | 4 6 8 9 10 12 | 12.2
Shapeshifting  | 2 4 |  4.8
Armour         | 2 4 |  4.0
Fighting       | 3 4 7 9 |  9.9
Stealth        | |  0.7

Action                     |  1- 3 |  4- 6 |  7- 9 | 10-12 | 13-15 | 16-18 || total
---------------------------+-------+-------+-------+-------+-------+-------++-------
  Melee: Sling             |       |    29 |       |       |       |       ||    29
   Fire: Sling             |   134 |   276 |   167 |   105 |       |       ||   682
         Orcbow            |       |       |   129 |       |       |       ||   129
         Hand cannon       |       |       |    37 |   583 |  1180 |    16 ||  1816
 Invoke: Recall Ancestor   |       |       |     1 |       |       |       ||     1
         Ancestor Life: Kn |       |       |     1 |       |       |       ||     1
         Ancestor Identity |       |       |     1 |       |       |       ||     1
Ability: Invent Gizmo      |       |       |       |       |     1 |       ||     1
         Evoke Invisibilit |       |       |       |       |     1 |       ||     1
  Evoke: Wand              |       |       |     2 |       |     2 |       ||     4
    Use: Scroll            |     2 |     1 |     8 |    10 |    21 |     1 ||    43
         Potion            |       |     9 |       |       |    12 |     1 ||    22
 Armour: Leather armour    |     8 |    51 |    11 |       |       |       ||    70
         Skin              |       |    99 |       |       |       |       ||    99
         Ring mail         |       |       |    58 |     8 |       |       ||    66
         Chain mail        |       |       |       |    90 |   342 |     9 ||   441
  Dodge: Dodged            |     7 |    57 |    64 |    59 |   254 |     5 ||   446
   Form: Beast             |       |       |       |     1 |       |       ||     1
                           |       |       |       |     1 |       |       ||     1

Table legend: (Time is in decaauts)
 A = Elapsed time spent in this place.
 B = Non-inter-level travel time spent in this place.
 C = Inter-level travel time spent in this place.
 D = Time resting spent in this place.
 E = Time spent auto-exploring this place.
 F = Levels seen in this place.
 G = Mean time per level.
                   A        B        C        D        E       F      G
               +--------+--------+--------+--------+--------+-----+--------+
         Total |  21516 |  20514 |   1002 |   4255 |  12671 |  22 |  978.0 |
       Dungeon |   8831 |   8235 |    596 |    900 |   5514 |  11 |  802.8 |
          Lair |   5847 |   5599 |    248 |    969 |   3799 |   5 | 1169.4 |
         Swamp |   6142 |   5985 |    157 |   2278 |   3008 |   4 | 1535.5 |
         Sewer |    353 |    353 |      0 |    100 |    180 |   1 |  353.0 |
        Bailey |    341 |    341 |      0 |      8 |    169 |   1 |  341.0 |
               +--------+--------+--------+--------+--------+-----+--------+

Top non-repeatable levels by time:
 Swamp:3: 3847 daAuts
  Lair:5: 1506 daAuts
  Lair:4: 1461 daAuts
  Lair:3: 1095 daAuts
 Swamp:2: 1055 daAuts
     D:5: 951 daAuts
    D:10: 943 daAuts
     D:4: 921 daAuts
     D:9: 903 daAuts
     D:7: 901 daAuts
  Lair:2: 899 daAuts
  Lair:1: 884 daAuts
     D:1: 839 daAuts
 Swamp:1: 838 daAuts
     D:3: 829 daAuts
